General information
- name: BNet
- type: Ladder team game (AT/RT)
- host: Battle.net
- saver: f00lishhayward
map: GolemsInTheMist
- players: 8
- length: 31:34
- speed: Fast
- version: 1.28 W3XP
- replay type: Public
» download(288 KB)
Players
team 1 (loser)

»
BLINKANDURDEAD (
teal | 72 APM | 1895 actions | 26:26)
4 Tauren Chieftain
2 War Stomp
2 Endurance Aura
3 Shadow Hunter
2 Healing Wave
1 Hex
» actions
| Assign group hotkey | 57 | |
| Basic commands | 31 | |
| Build / train | 60 | |
| ESC pressed | 6 | |
| Enter build submenu | 36 | |
| Enter hero's abilities submenu | 7 | |
| Give item / drop item | 2 | |
| Remove unit from queue | 1 | |
| Right click | 972 | |
| Select / deselect | 241 | |
| Select group hotkey | 388 | |
| Use ability | 94 | |
1895 total
» units
| Peon | 7 | |
| Grunt | 8 | |
| Shaman | 5 | |
| Tauren | 4 | |
| Goblin Zeppelin | 1 | |
25 total
» upgrades
| Armor | 2 | |
| Berserker Strength | 1 | |
| Pillage | 1 | |
| Melee Weapons | 2 | |
| Shaman Training | 2 | |
| Pulverize | 1 | |
9 total
» buildings
| Altar of Storms | 1 | |
| Orc Burrow | 6 | |
| Barracks | 1 | |
| Voodoo Lounge | 1 | |
| War Mill | 1 | |
| Stronghold | 1 | |
| Watch Tower | 14 | |
| Spirit Lodge | 2 | |
| Fortress | 1 | |
| Tauren Totem | 4 | |
| Beastiary | 3 | |
| Great Hall | 1 | |
36 total
» build order
00:07 Altar of Storms
00:21 Orc Burrow
00:51 Barracks
01:37 Orc Burrow
01:53 Voodoo Lounge
03:06 War Mill
03:54 Stronghold
04:04 Orc Burrow
04:22 Watch Tower
06:34 Spirit Lodge
07:09 Spirit Lodge
08:00 Fortress
09:23 Orc Burrow
09:59 Orc Burrow
10:52 Tauren Totem
10:54 Tauren Totem
10:56 Tauren Totem
10:57 Tauren Totem
15:51 Orc Burrow
16:17 Watch Tower
16:19 Watch Tower
17:04 Watch Tower
17:06 Watch Tower
17:10 Watch Tower
17:45 Watch Tower
17:49 Watch Tower
18:22 Watch Tower
19:20 Watch Tower
22:02 Beastiary
22:02 Beastiary
23:16 Great Hall
23:24 Watch Tower
23:27 Watch Tower
23:32 Watch Tower
23:34 Watch Tower
24:06 Beastiary
» items
| Healing Salve | 1 | |
| Lesser Clarity Potion | 3 | |
| Scroll of Speed | 2 | |
| Scroll of Town Portal | 2 | |
| Orb of Lightning | 1 | |
9 total
Sixy (
yellow | 36 APM | 1103 actions | 30:29)
4 Demon Hunter
2 Mana Burn
2 Evasion
2 Keeper of the Grove
1 Entangling Roots
1 Force of Nature
» actions
| Assign group hotkey | 21 | |
| Basic commands | 1 | |
| Build / train | 47 | |
| Enter build submenu | 14 | |
| Enter hero's abilities submenu | 6 | |
| Give item / drop item | 2 | |
| Right click | 531 | |
| Select / deselect | 184 | |
| Select group hotkey | 212 | |
| Use ability | 85 | |
1103 total
» units
| Wisp | 11 | |
| Archer | 2 | |
| Druid of the Claw | 10 | |
| Dryad | 2 | |
25 total
» upgrades
| Druid of the Claw Training | 2 | |
| Reinforced Hides | 2 | |
4 total
» buildings
| Altar of Elders | 1 | |
| Moon Well | 6 | |
| Ancient of War | 1 | |
| Tree of Ages | 2 | |
| Hunter's Hall | 1 | |
| Ancient of Lore | 3 | |
| Tree of Eternity | 1 | |
| Ancient of Wonders | 1 | |
16 total
» build order
00:13 Altar of Elders
00:19 Moon Well
00:36 Ancient of War
02:09 Tree of Ages
02:09 Tree of Ages
02:25 Moon Well
02:48 Moon Well
03:37 Hunter's Hall
05:17 Ancient of Lore
05:27 Ancient of Lore
06:24 Tree of Eternity
06:52 Ancient of Wonders
07:44 Moon Well
07:51 Moon Well
08:01 Moon Well
10:58 Ancient of Lore
» items
| Potion of Healing | 4 | |
| Scroll of Town Portal | 2 | |
| Orb of Venom | 1 | |
7 total
f00lishhayward (
blue | 55 APM | 1736 actions | 31:34)
7 Blademaster
3 Wind Walk
3 Critical Strike
1 Bladestorm
» actions
| Assign group hotkey | 147 | |
| Basic commands | 69 | |
| Build / train | 62 | |
| Enter build submenu | 48 | |
| Enter hero's abilities submenu | 7 | |
| Give item / drop item | 4 | |
| Remove unit from queue | 2 | |
| Right click | 746 | |
| Select / deselect | 312 | |
| Select group hotkey | 207 | |
| Use ability | 131 | |
1736 total
» units
| Peon | 8 | |
| Grunt | 6 | |
| Goblin Shredder | 1 | |
| Goblin Zeppelin | 1 | |
| Wind Rider | 7 | |
| Goblin Sapper | 5 | |
28 total
» upgrades
| Reinforced Defenses | 1 | |
| Ranged Weapons | 3 | |
| Armor | 3 | |
| Envenomed Spears | 1 | |
8 total
» buildings
| Orc Burrow | 6 | |
| Altar of Storms | 1 | |
| Barracks | 1 | |
| Voodoo Lounge | 3 | |
| Stronghold | 1 | |
| War Mill | 2 | |
| Fortress | 1 | |
| Great Hall | 3 | |
| Beastiary | 4 | |
| Watch Tower | 35 | |
57 total
» build order
00:12 Orc Burrow
00:56 Orc Burrow
01:01 Altar of Storms
01:03 Barracks
01:46 Voodoo Lounge
02:51 Stronghold
03:58 Orc Burrow
04:39 War Mill
05:19 Fortress
06:22 Great Hall
06:34 Beastiary
06:35 Beastiary
06:36 Beastiary
06:45 Beastiary
07:30 Orc Burrow
08:37 Watch Tower
08:38 Watch Tower
08:41 Watch Tower
10:41 War Mill
10:53 Orc Burrow
10:58 Orc Burrow
12:10 Watch Tower
12:11 Watch Tower
12:13 Watch Tower
12:13 Watch Tower
12:15 Watch Tower
12:18 Watch Tower
12:18 Watch Tower
12:22 Watch Tower
12:24 Watch Tower
12:27 Watch Tower
12:28 Watch Tower
15:22 Great Hall
15:46 Watch Tower
15:47 Watch Tower
15:47 Watch Tower
15:47 Watch Tower
15:48 Watch Tower
15:49 Watch Tower
15:50 Watch Tower
15:50 Watch Tower
15:51 Watch Tower
15:53 Voodoo Lounge
20:31 Great Hall
20:32 Voodoo Lounge
20:38 Watch Tower
20:38 Watch Tower
20:39 Watch Tower
20:39 Watch Tower
20:41 Watch Tower
20:41 Watch Tower
20:42 Watch Tower
20:42 Watch Tower
20:44 Watch Tower
20:45 Watch Tower
20:45 Watch Tower
20:46 Watch Tower
» items
| Healing Salve | 6 | |
| Lesser Clarity Potion | 3 | |
| Orb of Lightning | 1 | |
| Potion of Mana | 2 | |
| Potion of Healing | 1 | |
13 total

»
GTFO[NooB] (
red | 78 APM | 2383 actions | 30:34)
5 Death Knight
3 Death Coil
1 Unholy Aura
1 Death Pact
4 Lich
2 Frost Nova
2 Dark Ritual
» actions
| Assign group hotkey | 19 | |
| Build / train | 38 | |
| ESC pressed | 1 | |
| Enter build submenu | 17 | |
| Enter hero's abilities submenu | 9 | |
| Give item / drop item | 2 | |
| Right click | 1501 | |
| Select / deselect | 215 | |
| Select group hotkey | 505 | |
| Use ability | 76 | |
2383 total
» units
| Acolyte | 2 | |
| Ghoul | 4 | |
| Crypt Fiend | 4 | |
| Frost Wyrm | 3 | |
13 total
» upgrades
| Creature Attack | 1 | |
| Web | 1 | |
| Creature Carapace | 1 | |
| Freezing Breath | 1 | |
4 total
» buildings
| Graveyard | 1 | |
| Crypt | 1 | |
| Altar of Darkness | 1 | |
| Ziggurat | 6 | |
| Tomb of Relics | 2 | |
| Halls of the Dead | 2 | |
| Black Citadel | 1 | |
| Sacrificial Pit | 1 | |
| Boneyard | 3 | |
18 total
» build order
00:06 Graveyard
00:11 Crypt
00:40 Altar of Darkness
00:56 Ziggurat
01:36 Tomb of Relics
01:38 Tomb of Relics
02:00 Ziggurat
03:13 Ziggurat
03:48 Halls of the Dead
03:48 Halls of the Dead
05:22 Ziggurat
06:33 Black Citadel
06:35 Sacrificial Pit
09:03 Boneyard
09:04 Boneyard
09:07 Boneyard
13:10 Ziggurat
13:12 Ziggurat
» items
| Rod of Necromancy | 1 | |
| Orb of Corruption | 1 | |
| Potion of Healing | 2 | |
| Scroll of Town Portal | 1 | |
5 total
team 2 (winner)

»
cmurdaa (
pink | 34 APM | 498 actions | 14:28)
1 Shadow Hunter
1 Hex
1 Blademaster
1 Wind Walk
» actions
| Assign group hotkey | 6 | |
| Build / train | 27 | |
| Enter build submenu | 11 | |
| Enter hero's abilities submenu | 2 | |
| Remove unit from queue | 2 | |
| Right click | 187 | |
| Select / deselect | 93 | |
| Select group hotkey | 147 | |
| Use ability | 23 | |
498 total
» units
» upgrades
» buildings
| Orc Burrow | 5 | |
| Barracks | 1 | |
| Altar of Storms | 1 | |
| War Mill | 1 | |
| Stronghold | 1 | |
| Voodoo Lounge | 1 | |
| Fortress | 1 | |
| Beastiary | 2 | |
13 total
» build order
00:33 Orc Burrow
00:42 Barracks
00:56 Altar of Storms
01:24 War Mill
02:49 Orc Burrow
05:15 Stronghold
05:19 Orc Burrow
05:21 Orc Burrow
05:24 Voodoo Lounge
07:25 Orc Burrow
07:42 Fortress
07:46 Beastiary
08:24 Beastiary
» items
| Healing Salve | 1 | |
| Scroll of Speed | 1 | |
2 total

»
MassiveAnalPlug (
orange | 48 APM | 1327 actions | 27:30)
4 Warden
2 Fan of Knives
2 Blink
» actions
| Assign group hotkey | 19 | |
| Basic commands | 205 | |
| Build / train | 60 | |
| Enter build submenu | 38 | |
| Enter hero's abilities submenu | 4 | |
| Remove unit from queue | 11 | |
| Right click | 620 | |
| Select / deselect | 294 | |
| Select group hotkey | 7 | |
| Use ability | 64 | |
1327 total
» units
| Wisp | 19 | |
| Archer | 4 | |
| Goblin Shredder | 1 | |
| Chimaera | 2 | |
| Hippogryph | 8 | |
34 total
» upgrades
| Corrosive Breath | 1 | |
| Strength of the Wild | 1 | |
2 total
» buildings
| Moon Well | 8 | |
| Altar of Elders | 4 | |
| Ancient of War | 3 | |
| Ancient of Wonders | 1 | |
| Tree of Ages | 1 | |
| Hunter's Hall | 1 | |
| Tree of Eternity | 1 | |
| Ancient of Wind | 1 | |
| Chimaera Roost | 2 | |
| Ancient Protector | 2 | |
| Tree of Life | 3 | |
27 total
» build order
00:42 Moon Well
00:51 Altar of Elders
00:56 Ancient of War
02:08 Moon Well
02:26 Ancient of Wonders
03:32 Tree of Ages
04:04 Moon Well
04:09 Hunter's Hall
04:42 Moon Well
06:32 Tree of Eternity
06:34 Ancient of Wind
08:56 Chimaera Roost
08:58 Chimaera Roost
09:09 Ancient of War
09:18 Ancient Protector
09:22 Ancient Protector
10:54 Moon Well
12:39 Moon Well
13:22 Moon Well
17:32 Tree of Life
17:34 Altar of Elders
17:37 Tree of Life
19:38 Altar of Elders
20:43 Tree of Life
21:14 Moon Well
25:22 Altar of Elders
26:18 Ancient of War
» items
| Potion of Healing | 1 | |
| Orb of Venom | 1 | |
| Scroll of Town Portal | 1 | |
| Staff of Preservation | 1 | |
| Lesser Clarity Potion | 3 | |
7 total
gordan-hayward (
purple | 71 APM | 2243 actions | 31:34)
8 Blademaster
3 Wind Walk
3 Critical Strike
1 Bladestorm
1 Mirror Image
» actions
| Assign group hotkey | 37 | |
| Basic commands | 51 | |
| Build / train | 67 | |
| Enter build submenu | 26 | |
| Enter hero's abilities submenu | 8 | |
| Give item / drop item | 2 | |
| Remove unit from queue | 1 | |
| Right click | 996 | |
| Select / deselect | 272 | |
| Select group hotkey | 576 | |
| Use ability | 207 | |
2243 total
» units
| Peon | 10 | |
| Goblin Shredder | 1 | |
| Wind Rider | 6 | |
| Goblin Zeppelin | 2 | |
| Troll Batrider | 9 | |
| Goblin Sapper | 5 | |
33 total
» upgrades
| Reinforced Defenses | 1 | |
| Liquid Fire | 1 | |
| Ranged Weapons | 2 | |
| Armor | 1 | |
5 total
» buildings
| Altar of Storms | 1 | |
| Orc Burrow | 5 | |
| Voodoo Lounge | 2 | |
| Stronghold | 1 | |
| War Mill | 1 | |
| Fortress | 2 | |
| Beastiary | 3 | |
| Watch Tower | 37 | |
| Great Hall | 1 | |
53 total
» build order
00:08 Altar of Storms
00:19 Orc Burrow
01:00 Voodoo Lounge
02:08 Stronghold
02:26 Orc Burrow
02:45 War Mill
03:02 Orc Burrow
03:33 Orc Burrow
04:21 Orc Burrow
04:32 Fortress
04:33 Fortress
04:44 Beastiary
05:12 Beastiary
08:26 Watch Tower
08:27 Watch Tower
08:27 Watch Tower
08:28 Watch Tower
08:28 Watch Tower
09:49 Watch Tower
09:49 Watch Tower
09:49 Watch Tower
10:52 Watch Tower
10:53 Watch Tower
10:54 Watch Tower
10:54 Watch Tower
11:30 Beastiary
11:56 Watch Tower
11:56 Watch Tower
12:01 Watch Tower
12:01 Watch Tower
12:05 Watch Tower
12:13 Watch Tower
12:18 Watch Tower
13:17 Watch Tower
13:17 Watch Tower
14:42 Watch Tower
14:42 Watch Tower
14:42 Watch Tower
14:46 Watch Tower
14:47 Watch Tower
16:33 Watch Tower
16:33 Watch Tower
16:34 Watch Tower
17:30 Watch Tower
17:30 Watch Tower
17:30 Watch Tower
17:31 Watch Tower
22:41 Voodoo Lounge
26:13 Watch Tower
26:13 Watch Tower
26:14 Watch Tower
26:14 Watch Tower
28:44 Great Hall
» items
| Healing Salve | 2 | |
| Lesser Clarity Potion | 2 | |
| Tiny Great Hall | 2 | |
| Orb of Lightning | 1 | |
| Scroll of Town Portal | 2 | |
| Potion of Mana | 1 | |
10 total
naturalspring (
green | 105 APM | 2832 actions | 27:04)
4 Death Knight
2 Death Coil
1 Unholy Aura
1 Death Pact
3 Lich
1 Frost Armor
2 Frost Nova
4 Crypt Lord
2 Impale
2 Spiked Carapace
» actions
| Assign group hotkey | 969 | |
| Basic commands | 16 | |
| Build / train | 73 | |
| Enter build submenu | 13 | |
| Enter hero's abilities submenu | 11 | |
| Right click | 1340 | |
| Select / deselect | 226 | |
| Select group hotkey | 115 | |
| Use ability | 69 | |
2832 total
» units
| Acolyte | 3 | |
| Ghoul | 7 | |
| Crypt Fiend | 15 | |
| Abomination | 2 | |
| Frost Wyrm | 6 | |
33 total
» upgrades
| Burrow | 1 | |
| Web | 1 | |
| Creature Carapace | 2 | |
4 total
» buildings
| Altar of Darkness | 1 | |
| Ziggurat | 7 | |
| Crypt | 1 | |
| Graveyard | 1 | |
| Tomb of Relics | 1 | |
| Nerubian Tower | 2 | |
| Halls of the Dead | 3 | |
| Black Citadel | 3 | |
| Slaughterhouse | 1 | |
| Sacrificial Pit | 1 | |
| Boneyard | 1 | |
22 total
» build order
00:08 Altar of Darkness
00:10 Ziggurat
00:39 Crypt
00:59 Graveyard
01:17 Tomb of Relics
01:31 Ziggurat
01:55 Nerubian Tower
01:55 Nerubian Tower
03:52 Halls of the Dead
04:23 Ziggurat
06:46 Black Citadel
06:46 Black Citadel
07:09 Slaughterhouse
07:15 Ziggurat
12:05 Sacrificial Pit
12:39 Ziggurat
13:36 Boneyard
14:44 Ziggurat
14:44 Ziggurat
» items
| Rod of Necromancy | 4 | |
| Dust of Appearance | 1 | |
| Orb of Corruption | 3 | |
| Scroll of Town Portal | 3 | |
| Scroll of Speed | 1 | |
| Healing Salve | 1 | |
13 total
Chat log
(00:18 / Allies) BLINKANDURDEAD: hey
(00:19 / All) MassiveAnalPlug: yay!!!
(00:24 / Allies) Sixy: hey ehy
(00:26 / All) MassiveAnalPlug: que time ssuck today
(00:27 / Allies) BLINKANDURDEAD: blue what hero/units you want?
(00:32 / Allies) f00lishhayward: bm wyvs/bats
(00:33 / All) gordan-hayward: yes they do
(00:40 / Allies) BLINKANDURDEAD: kk
(01:11 / All) gordan-hayward: cant wait for NFL to start back up this year
(01:15 / All) gordan-hayward: brady gonna win another SB
(01:17 / Allies) BLINKANDURDEAD: going TC
(01:33 / All) f00lishhayward: I dont need a hand to hold even when the night is cold I got that fire in my soul
(01:57 / Allies) Sixy: can i get some lumber
(03:11 / Allies) Sixy: someone come help me creep
(03:16 / Allies) BLINKANDURDEAD: uh
(03:19 / Allies) BLINKANDURDEAD: thats a hard one lol
(03:19 / Allies) Sixy: nvm
(03:25 / Allies) GTFO[NooB]: omw
(03:25 / Allies) BLINKANDURDEAD: coming
(04:52 / Allies) Sixy: can i get some lumber pls
(04:55 / Allies) Sixy: going bears
(06:26 / Allies) Sixy: lumber plspls
(08:10 / Allies) BLINKANDURDEAD: yellow coming?
(08:18 / Allies) Sixy: omw
(08:56 / Allies) GTFO[NooB]: hit oj
(09:06 / Allies) BLINKANDURDEAD: ok
(09:08 / Allies) BLINKANDURDEAD: ok pink ok
(09:14 / Allies) BLINKANDURDEAD: get burrows then
(09:41 / Allies) GTFO[NooB]: b
(09:41 / Allies) BLINKANDURDEAD: b
(10:14 / Allies) BLINKANDURDEAD: pillaging pink hard lol
(10:30 / All) f00lishhayward: raped
(11:06 / Allies) BLINKANDURDEAD: out
(11:11 / Allies) GTFO[NooB]: b
(11:19 / Allies) BLINKANDURDEAD: we got pink we win get out
(11:41 / All) f00lishhayward: thot green was ours thot he just iced that warden lawl
(12:03 / Allies) BLINKANDURDEAD: nice job guys
(13:00 / Allies) BLINKANDURDEAD: lets all go together
(13:31 / Allies) GTFO[NooB]: yall have tp right?
(13:33 / Allies) BLINKANDURDEAD: yes
(13:38 / Allies) GTFO[NooB]: good
(13:43 / Allies) GTFO[NooB]: i think they might hit me
(13:49 / Allies) BLINKANDURDEAD: all tp
(13:53 / Allies) GTFO[NooB]: tping
(14:00 / Allies) BLINKANDURDEAD: UM
(14:01 / Allies) BLINKANDURDEAD: TP
(14:04 / Allies) BLINKANDURDEAD: wtf
(14:16 / Allies) BLINKANDURDEAD: why arent u TPing...
(14:32 / All) GTFO[NooB]: gege
(14:34 / Allies) BLINKANDURDEAD: the fuck.
(14:37 / All) gordan-hayward: fucking babies
(14:39 / Allies) BLINKANDURDEAD: xd
(15:04 / Allies) BLINKANDURDEAD: thanks for not TPing
(17:06 / All) GTFO[NooB]: gg
(17:16 / All) gordan-hayward: out red u noob
(17:26 / All) GTFO[NooB]: gege
(18:03 / All) GTFO[NooB]: leave
(18:05 / All) GTFO[NooB]: gtfo
(18:06 / All) GTFO[NooB]: noob
(18:36 / All) gordan-hayward: u noob red
(20:09 / All) GTFO[NooB]: you need more towers
(21:05 / Allies) f00lishhayward: raped red
(21:07 / Allies) f00lishhayward: lol noob
(21:18 / All) gordan-hayward: nooobs
(22:18 / All) gordan-hayward: noob red
(22:28 / Allies) f00lishhayward: leave noob red
(22:31 / Allies) GTFO[NooB]: who needs lumber?
(22:39 / Allies) f00lishhayward: gtfo
(22:40 / Allies) Sixy: i can also send lumber
(22:42 / Allies) f00lishhayward: noob
(23:18 / Allies) f00lishhayward: Don't come to these lands, red
(23:22 / Allies) f00lishhayward: yOu are forever branded an outlaw
(23:28 / Allies) GTFO[NooB]: lol
(23:33 / Allies) f00lishhayward: Your disrespect to our King will never be forgiven
(24:01 / Allies) BLINKANDURDEAD: can i have some gold plz
(25:36 / Allies) BLINKANDURDEAD: why wont you give me some gold?
(26:03 / Allies) GTFO[NooB]: check this mine
(26:08 / All) gordan-hayward: my expo bitch
(26:25 / Allies) BLINKANDURDEAD: fuck this
(26:42 / All) gordan-hayward: red is nub
(26:56 / All) gordan-hayward: green what ar eu doing
(27:49 / All) gordan-hayward: my team all gone
(28:59 / Allies) Sixy: why you destroying the towers
(29:00 / All) gordan-hayward: u are a dumb nub red
(29:24 / All) f00lishhayward: show's over
(29:28 / All) f00lishhayward: everybody go home
(30:05 / Allies) Sixy: why are you destroying our ally?
(30:17 / All) f00lishhayward: whjy are you running from the law?
(30:37 / All) f00lishhayward: lawl
(30:37 / All) f00lishhayward: stats
(30:40 / All) gordan-hayward: 30 min like u siad
(30:56 / All) f00lishhayward: red 0-3
(30:57 / All) f00lishhayward: lawl
(30:57 / All) gordan-hayward: ur team is ay
(31:15 / All) f00lishhayward: which team lose